TOP OF THE 1ST |
Casper Ghosts batting - Pitching for Springfield Shooters : RHP Keith Rojas
|
Pitching: RHP Keith Rojas
|
|
Batting: LHB Ronald Anderson
|
0-0: Ball 1-0: Called Strike 1-1: Foul Ball, location: 2F 1-2: Ground out 3-1 (Groundball, 3S)
|
Batting: RHB José Córdova
|
0-0: Ball 1-0: Called Strike 1-1: Foul Ball, location: 2F 1-2: Ball 2-2: Foul Ball, location: 2F 2-2: Strikes out swinging
|
Batting: RHB Derek Bangert
|
0-0: DOUBLE (Line Drive, 89D)
|
Batting: RHB Jorge Díaz
|
0-0: Called Strike 0-1: Foul Ball, location: 2F 0-2: Strikes out looking
|
Top of the 1st over - 0 runs, 1 hit, 0 errors, 1 left on base; Casper 0 - Springfield 0 |
BOTTOM OF THE 1ST |
Springfield Shooters batting - Pitching for Casper Ghosts : RHP Zafar Zahir
|
Pitching: RHP Zafar Zahir
|
|
Batting: RHB Chet Hollis
|
0-0: Ball 1-0: Foul Ball, location: 2F 1-1: Ground out 4-3 (Groundball, 4S)
|
Batting: LHB Armando Rodríguez
|
0-0: Ball 1-0: Called Strike 1-1: Foul Ball, location: 2F 1-2: Ball 2-2: SINGLE (Groundball, 4) (infield hit)
|
Batting: SHB Willie McGirt
|
0-0: Ball 1-0: Foul Ball, location: 2F 1-1: Swinging Strike 1-2: Ball 2-2: Ball Wild Pitch! Armando Rodríguez to second 3-2: Base on Balls
|
Batting: SHB Billy Dotson
|
0-0: Called Strike 0-1: Ball 1-1: Ball 2-1: Foul Ball, location: 2F 2-2: Foul Ball, location: 2F 2-2: Foul Ball, location: 2F 2-2: DOUBLE (Groundball, 3L) Armando Rodríguez scores Willie McGirt to third Runner from 3rd tries for Home, SAFE, no throw
|
Batting: LHB Calvin Wilms
|
0-0: Swinging Strike 0-1: Ball 1-1: Ball 2-1: Ball 3-1: Base on Balls
|
Batting: RHB Sébastien Bernard
|
0-0: Called Strike 0-1: Ball 1-1: Ball 2-1: Foul Ball, location: 2F 2-2: Fielders Choice at 2nd, 6-4 (Groundball, 6) Billy Dotson to third
|
Batting: LHB Marshall Willis
|
0-0: Foul Ball, location: 2F 0-1: Called Strike 0-2: Strikes out swinging
|
Bottom of the 1st over - 2 runs, 2 hits, 0 errors, 2 left on base; Casper 0 - Springfield 2 |
TOP OF THE 2ND |
Casper Ghosts batting - Pitching for Springfield Shooters : RHP Keith Rojas
|
Batting: RHB Bob Phillips
|
0-0: Ball 1-0: Swinging Strike 1-1: Ball 2-1: Ball 3-1: Base on Balls
|
Batting: RHB Steve Weber
|
0-0: Ball 1-0: Called Strike 1-1: Called Strike 1-2: Ground out 4-3 (Groundball, 4MD) Bob Phillips to second
|
Batting: RHB Félix Ramos
|
0-0: Swinging Strike 0-1: Foul Ball, location: 2F 0-2: Foul Ball, location: 2F 0-2: Strikes out swinging
|
Batting: RHB Henry Appleby
|
0-0: Ground out 5-3 (Groundball, 56)
|
Top of the 2nd over - 0 runs, 0 hits, 0 errors, 1 left on base; Casper 0 - Springfield 2 |
BOTTOM OF THE 2ND |
Springfield Shooters batting - Pitching for Casper Ghosts : RHP Zafar Zahir
|
Batting: RHB Eun-bum Kim
|
0-0: Ball 1-0: Ball 2-0: Ground out 4-3 (Groundball, 4)
|
Batting: RHB Javier De Jesús
|
0-0: Called Strike 0-1: Ball 1-1: Foul Ball, location: 2F 1-2: Ball 2-2: Ball 3-2: Base on Balls
|
Batting: RHB Chet Hollis
|
0-0: Called Strike 0-1: Ball 1-1: Ball Javier De Jesús steals 2nd base 2-1: Ground out 3-1 (Groundball, 34S) Javier De Jesús to third
|
Batting: LHB Armando Rodríguez
|
0-0: Ball 1-0: Called Strike 1-1: Foul Ball, location: 2F 1-2: Foul Ball, location: 2F 1-2: Strikes out swinging
|
Bottom of the 2nd over - 0 runs, 0 hits, 0 errors, 1 left on base; Casper 0 - Springfield 2 |
TOP OF THE 3RD |
Casper Ghosts batting - Pitching for Springfield Shooters : RHP Keith Rojas
|
Batting: RHB Juan Hernández
|
0-0: Called Strike 0-1: Swinging Strike 0-2: Ball 1-2: SINGLE (Groundball, 6MD)
|
Batting: LHB Ronald Anderson
|
0-0: Called Strike 0-1: Called Strike 0-2: Ball 1-2: Foul Ball, location: 2F 1-2: Ground out 2-3 (Groundball, 15S) Juan Hernández to second
|
Batting: RHB José Córdova
|
0-0: Called Strike 0-1: Ball 1-1: Ball 2-1: DOUBLE (Line Drive, 8RD) Juan Hernández scores
|
Batting: RHB Derek Bangert
|
0-0: Foul Ball, location: 2F 0-1: Fly out, F7 (Line Drive, 7)
|
Batting: RHB Jorge Díaz
|
0-0: Ball 1-0: Called Strike 1-1: Ball 2-1: Swinging Strike 2-2: Strikes out swinging
|
Top of the 3rd over - 1 run, 2 hits, 0 errors, 1 left on base; Casper 1 - Springfield 2 |
BOTTOM OF THE 3RD |
Springfield Shooters batting - Pitching for Casper Ghosts : RHP Zafar Zahir
|
Batting: SHB Willie McGirt
|
0-0: Swinging Strike 0-1: Called Strike 0-2: Strikes out swinging
|
Batting: SHB Billy Dotson
|
0-0: Ball 1-0: Ball 2-0: Fly out, F7 (Flyball, 7LM)
|
Batting: LHB Calvin Wilms
|
0-0: Ball 1-0: Foul Ball, location: 2F 1-1: Ball 2-1: Ball 3-1: Foul Ball, location: 2F 3-2: Strikes out swinging
|
Bottom of the 3rd over - 0 runs, 0 hits, 0 errors, 0 left on base; Casper 1 - Springfield 2 |
TOP OF THE 4TH |
Casper Ghosts batting - Pitching for Springfield Shooters : RHP Keith Rojas
|
Batting: RHB Bob Phillips
|
0-0: Ball 1-0: Swinging Strike 1-1: Ball 2-1: Swinging Strike 2-2: Foul Ball, location: 2F 2-2: Hit by Pitch
|
Batting: RHB Steve Weber
|
0-0: Called Strike 0-1: Foul Ball, location: 2F 0-2: Ball 1-2: Fielders Choice at 2nd, 6-4 (Groundball, 56)
|
Batting: RHB Félix Ramos
|
0-0: Grounds into double play, 5-4-3 (Groundball, 56)
|
Top of the 4th over - 0 runs, 0 hits, 0 errors, 0 left on base; Casper 1 - Springfield 2 |
BOTTOM OF THE 4TH |
Springfield Shooters batting - Pitching for Casper Ghosts : RHP Zafar Zahir
|
Batting: RHB Sébastien Bernard
|
0-0: Foul Ball, location: 2F 0-1: Ground out 6-3 (Groundball, 6)
|
Batting: LHB Marshall Willis
|
0-0: Ball 1-0: Swinging Strike 1-1: Swinging Strike 1-2: Ball 2-2: Ball 3-2: Strikes out swinging
|
Batting: RHB Eun-bum Kim
|
0-0: Ball 1-0: Ball 2-0: Foul Ball, location: 2F 2-1: Ball 3-1: Swinging Strike 3-2: Ground out 6-3 (Groundball, 6S)
|
Bottom of the 4th over - 0 runs, 0 hits, 0 errors, 0 left on base; Casper 1 - Springfield 2 |
TOP OF THE 5TH |
Casper Ghosts batting - Pitching for Springfield Shooters : RHP Keith Rojas
|
Batting: RHB Henry Appleby
|
0-0: Called Strike 0-1: Fly out, F5 (Flyball, 5D)
|
Batting: RHB Juan Hernández
|
0-0: Ball 1-0: Called Strike 1-1: Ground out 1-3 (Groundball, 15S)
|
Batting: LHB Ronald Anderson
|
0-0: Ball 1-0: Foul Ball, location: 2F 1-1: Ball 2-1: Fly out, F7 (Flyball, 7D)
|
Top of the 5th over - 0 runs, 0 hits, 0 errors, 0 left on base; Casper 1 - Springfield 2 |
BOTTOM OF THE 5TH |
Springfield Shooters batting - Pitching for Casper Ghosts : RHP Zafar Zahir
|
Batting: RHB Javier De Jesús
|
0-0: SINGLE (Groundball, 56S) (infield hit)
|
Batting: RHB Chet Hollis
|
0-0: Sac Bunt - play at first, batter OUT! 1-3 Javier De Jesús to second
|
Batting: LHB Armando Rodríguez
|
0-0: Ball 1-0: Ball 2-0: Fly out, F8 (Flyball, 8LS)
|
Batting: SHB Willie McGirt
|
0-0: Swinging Strike 0-1: Swinging Strike 0-2: Ball 1-2: Ball 2-2: Foul Ball, location: 2F 2-2: Ball 3-2: Foul Ball, location: 2F 3-2: DOUBLE (Groundball, 3L) Javier De Jesús scores
|
Pitching: LHP Ray Neely
|
|
Batting: SHB Billy Dotson
|
0-0: Ball 1-0: Ball 2-0: Ball 3-0: Called Strike 3-1: Base on Balls
|
Batting: LHB Calvin Wilms
|
0-0: Ball 1-0: Ground out 4-3 (Groundball, 4)
|
Bottom of the 5th over - 1 run, 2 hits, 0 errors, 2 left on base; Casper 1 - Springfield 3 |
TOP OF THE 6TH |
Casper Ghosts batting - Pitching for Springfield Shooters : RHP Keith Rojas
|
Batting: RHB José Córdova
|
0-0: Ball 1-0: Swinging Strike 1-1: Called Strike 1-2: Ball 2-2: Strikes out looking
|
Batting: RHB Derek Bangert
|
0-0: Called Strike 0-1: SINGLE (Line Drive, 6D)
|
Batting: RHB Jorge Díaz
|
0-0: Called Strike 0-1: Ball 1-1: Ball 2-1: Grounds into double play, 4-6-3 (Groundball, 4)
|
Top of the 6th over - 0 runs, 1 hit, 0 errors, 0 left on base; Casper 1 - Springfield 3 |
BOTTOM OF THE 6TH |
Springfield Shooters batting - Pitching for Casper Ghosts : LHP Ray Neely
|
Batting: RHB Sébastien Bernard
|
0-0: Ball 1-0: Foul Ball, location: 2F 1-1: Fly out, F7 (Line Drive, 7)
|
Batting: LHB Marshall Willis
|
0-0: Ground out 6-3 (Groundball, 6)
|
Batting: RHB Eun-bum Kim
|
0-0: Ball 1-0: Ball 2-0: Called Strike 2-1: Foul Ball, location: 2F 2-2: Ball 3-2: Ground out U3 (Groundball, 34S)
|
Bottom of the 6th over - 0 runs, 0 hits, 0 errors, 0 left on base; Casper 1 - Springfield 3 |
TOP OF THE 7TH |
Casper Ghosts batting - Pitching for Springfield Shooters : RHP Keith Rojas
|
Batting: RHB Bob Phillips
|
0-0: Called Strike 0-1: Foul Ball, location: 2F 0-2: Strikes out swinging
|
Batting: RHB Steve Weber
|
0-0: Ball 1-0: Called Strike 1-1: Foul Ball, location: 2F 1-2: Ball 2-2: Ball 3-2: Strikes out swinging
|
Batting: RHB Félix Ramos
|
0-0: Foul Ball, location: 2F 0-1: Ground out 6-3 (Groundball, 6)
|
Top of the 7th over - 0 runs, 0 hits, 0 errors, 0 left on base; Casper 1 - Springfield 3 |
BOTTOM OF THE 7TH |
Springfield Shooters batting - Pitching for Casper Ghosts : LHP Ray Neely
|
Batting: RHB Javier De Jesús
|
0-0: Ball 1-0: Ball 2-0: Fly out, F3 (Popup, 3)
|
Batting: RHB Chet Hollis
|
0-0: SINGLE (Flyball, 89S)
|
Batting: LHB Armando Rodríguez
|
0-0: Ball 1-0: Called Strike 1-1: Fly out, F7 (Flyball, 7LS)
|
Batting: SHB Willie McGirt
|
0-0: Called Strike 0-1: Ball 1-1: Ball 2-1: Fly out, F8 (Flyball, 8LM)
|
Bottom of the 7th over - 0 runs, 1 hit, 0 errors, 1 left on base; Casper 1 - Springfield 3 |
TOP OF THE 8TH |
Casper Ghosts batting - Pitching for Springfield Shooters : RHP Keith Rojas
|
Pitching: RHP Vicente Escamilla
|
|
Batting: RHB Henry Appleby
|
0-0: Ball 1-0: Ball 2-0: Ball 3-0: Called Strike 3-1: Ground out 4-3 (Groundball, 4M)
|
Batting: RHB Juan Hernández
|
0-0: Ball 1-0: Fly out, F2 (Popup, 2RF)
|
Batting: LHB Ronald Anderson
|
0-0: Ball 1-0: Ball 2-0: Called Strike 2-1: Ball 3-1: Called Strike 3-2: Fly out, F8 (Flyball, 78D)
|
Top of the 8th over - 0 runs, 0 hits, 0 errors, 0 left on base; Casper 1 - Springfield 3 |
BOTTOM OF THE 8TH |
Springfield Shooters batting - Pitching for Casper Ghosts : LHP Ray Neely
|
Batting: SHB Billy Dotson
|
0-0: Ball 1-0: SINGLE (Line Drive, 78S)
|
Batting: LHB Calvin Wilms
|
0-0: Fly out, F9 (Flyball, 9LMF)
|
Batting: RHB Sébastien Bernard
|
0-0: Called Strike 0-1: Foul Ball, location: 2F 0-2: Foul Ball, location: 2F 0-2: Foul Ball, location: 2F 0-2: Ground out 5-3 (Groundball, 5D) Billy Dotson to second
|
Batting: LHB Marshall Willis
|
0-0: Called Strike 0-1: Ball 1-1: Ball 2-1: Ball 3-1: Fly out, F7 (Flyball, 7D)
|
Bottom of the 8th over - 0 runs, 1 hit, 0 errors, 1 left on base; Casper 1 - Springfield 3 |
TOP OF THE 9TH |
Casper Ghosts batting - Pitching for Springfield Shooters : RHP Vicente Escamilla
|
Pitching: LHP Anaías Pedroza
|
|
Batting: RHB José Córdova
|
0-0: Ground out 4-3 (Groundball, 4M)
|
Batting: RHB Derek Bangert
|
0-0: Ball 1-0: Ball 2-0: Ball 3-0: Called Strike 3-1: Swinging Strike 3-2: Base on Balls
|
Batting: RHB Jorge Díaz
|
0-0: Ball Pickoff Throw by Catcher to First - Out! 1-0: Ball 2-0: Foul Ball, location: 2F 2-1: Reached on error, E6 (Groundball, 6)
|
Batting: RHB Bob Phillips
|
0-0: Ball 1-0: Ball 2-0: Called Strike 2-1: Ball 3-1: Called Strike 3-2: Base on Balls Jorge Díaz to second
|
Batting: RHB Steve Weber
|
0-0: Fielders Choice at 2nd, 6-4 (Groundball, 6)
|
Top of the 9th over - 0 runs, 0 hits, 1 error, 2 left on base; Casper 1 - Springfield 3 |
|